 Dungeon Crawl Stone Soup version 0.30-a0-939-gc8157cb160 (webtiles) character file.

Game seed: 14395724061062720355

25 holysushi the Chopper (level 3, -4/31 HPs)
             Began as a Hill Orc Monk on Mar 25, 2023.
             Killed from afar by Sigmund (8 damage)
             ... with a puff of flame
             ... on level 2 of the Dungeon.
             The game lasted 00:01:09 (905 turns).

holysushi the Chopper (Hill Orc Monk)                Turns: 905, Time: 00:01:10

Health: -4/31      AC:  2    Str: 15    XL:     3   Next: 4%
Magic:  3/3        EV: 12    Int: 10    God:
Gold:   9          SH:  0    Dex: 13    Spells: 2/2 levels left

rFire   . . .      SeeInvis .    g - +0 hand axe (heavy)
rCold   . . .      Faith    .    (no shield)
rNeg    . . .      Spirit   .    b - +0 robe
rPois   .          Reflect  .    (no helmet)
rElec   .          Rampage  .    (no cloak)
rCorr   .                        (no gloves)
Will    .....                    (no boots)
Stlth   ++                       (no amulet)
HPRegen 0.25/turn                (no ring)
MPRegen 0.08/turn                (no ring)

@: no status effects
A: no striking features
a: no special abilities


You were on level 2 of the Dungeon.
You visited 1 branch of the dungeon, and saw 2 of its levels.

You collected 74 gold pieces.
You spent 65 gold pieces at shops.

Inventory:

Hand Weapons
 a - a +0 hand axe
 g - a +0 heavy hand axe (weapon)
Armour
 b - a +0 robe (worn)
Scrolls
 e - 2 scrolls of teleportation {unknown}
 f - a scroll of enchant weapon {unknown}
 i - a scroll of silence {unknown}
 l - a scroll of fear {unknown}
Potions
 c - a potion of ambrosia
 d - a potion of resistance {unknown}
 h - 2 potions of heal wounds
 j - a potion of mutation {unknown}
 k - a potion of brilliance {unknown}


   Skills:
 - Level 3.6 Fighting
 + Level 5.5 Axes
 - Level 2.4 Dodging
 - Level 1.5 Stealth


You had 2 spell levels left.
You didn't know any spells.
Your spell library was empty.

Dungeon Overview and Level Annotations

Branches:
Dungeon (2/15) Zot: 11065

Altars:

Shops:
D:1 *[((*

Annotations:
D:2 Sigmund


Message History

There are monsters nearby!
There are monsters nearby!
There are monsters nearby!
The helpless Sigmund fails to defend himself.
You slash Sigmund!
Sigmund is moderately wounded.
You hit the rat.
You kill the rat!
Sigmund misses you. Sigmund hits you with a +0 scythe.
You hit Sigmund.
Sigmund is heavily wounded.
Sigmund barely misses you.
You hit Sigmund.
Sigmund is severely wounded.
Sigmund closely misses you.
You hit Sigmund.
Sigmund is severely wounded.
Sigmund hits you with a +0 scythe!
You closely miss Sigmund.
Sigmund is severely wounded.
Sigmund gestures at you while chanting. The magic dart hits you.
You hit Sigmund.
Sigmund is almost dead.
Sigmund giggles. "Time to reap what you sow."
Sigmund barely misses you.
You closely miss Sigmund.
Sigmund is almost dead.
Sigmund hits you with a +0 scythe.
You barely miss Sigmund.
Sigmund is almost dead.
Sigmund gestures at you while chanting. The puff of flame hits you!
* * * LOW HITPOINT WARNING * * *
You hit Sigmund but do no damage.
Sigmund is almost dead.
Sigmund misses you. Sigmund gestures at you while chanting.
The puff of flame hits you!
You die...

)...........#.########
#.#.#####
..............>.......
#.#.....<
###..........(.......#
#.#######
###..................#
#........
.....................#
#########
##..........##'#######
#..........##'######
#.#'########.......#
...#.# #...@†[.#
####.# #....@..#
.....# ##.......#
....## #........#
....# ..........#
....# .###.......#
....# # #.......#
....# ######### ....#


You could see Sigmund.

Vanquished Creatures
  2 giant cockroaches
  3 goblins
  4 hobgoblins
  A quokka (D:1)
  A ball python (D:1)
  2 bats (D:1)
  2 frilled lizards (D:1)
  3 kobolds (D:2)
  7 rats
25 creatures vanquished.

Notes
Turn   | Place    | Note
-------+----------+-------------------------------------------
     0 | D:1      | holysushi the Hill Orc Monk began the quest for the Orb.
     0 | D:1      | Reached XP level 1. HP: 19/19 MP: 1/1
    63 | D:1      | Found Libisen's Weapon Emporium.
    81 | D:1      | Found Oghutul's Antique Armour Shop.
    86 | D:1      | Found Riamul's Weapon Boutique.
   230 | D:1      | Reached XP level 2. HP: 26/26 MP: 2/2
   284 | D:1      | Found Umuduito's Assorted Antiques.
   366 | D:1      | Reached skill level 5 in Axes
   422 | D:1      | Found Vudan's General Store.
   432 | D:1      | Bought a potion of heal wounds for 65 gold pieces
   643 | D:1      | You fall into a shaft and drop 1 floor!
   759 | D:2      | Reached XP level 3. HP: 31/31 MP: 3/3
   893 | D:2      | Noticed Sigmund
   905 | D:2      | Killed from afar by Sigmund

Illustrated notes

Levels and vault maps discovered:
D:1:      nzn_arrival_settlement, layout_basic, serial_corexii_hall,
          corexii_hall_statues_x, chequers_hall_statues_wall_a, serial_shops,
          nicolae_shop_bloodbath_and_beyond, shop, shop,
          nicolae_shop_waterfront, shop
D:2:      layout_basic, uniq_sigmund, uniq_crazy_yiuf_cottage

Skill      XL: |  1  2 |
---------------+-------+-----
Axes           | 5 |  5.5
Fighting       | |  3.6
Dodging        | |  2.4
Stealth        | |  1.5

Action                     || total
---------------------------++-------
  Melee: Hand axe          ||    66
         Punch             ||     1
   Stab: Sleeping          ||     4
         Distracted        ||     1
 Armour: Robe              ||    20
  Dodge: Dodged            ||    52

Table legend: (Time is in decaauts)
 A = Elapsed time spent in this place.
 B = Non-inter-level travel time spent in this place.
 C = Inter-level travel time spent in this place.
 D = Time resting spent in this place.
 E = Time spent auto-exploring this place.
 F = Levels seen in this place.
 G = Mean time per level.
                   A        B        C        D        E       F      G
               +--------+--------+--------+--------+--------+-----+--------+
         Total |    932 |    932 |      0 |      7 |    683 |   2 |  466.0 |
       Dungeon |    932 |    932 |      0 |      7 |    683 |   2 |  466.0 |
               +--------+--------+--------+--------+--------+-----+--------+

Top non-repeatable levels by time:
     D:1: 659 daAuts
     D:2: 273 daAuts
